 Seeded DCSS version 0.29-a0-643-ga013cefcf8 (webtiles) character file.

Game seed: 10802498693541890562 (custom seed)

121 wilfster70 the Skirmisher (level 5, 0/33 HPs)
             Began as a Gargoyle Fighter on June 19, 2022.
             Slain by a jackal (1 damage)
             ... in a sewer.
             The game lasted 00:06:19 (3221 turns).

wilfster70 the Skirmisher (Gargoyle Fighter)        Turns: 3221, Time: 00:06:19

Health: 0/33       AC: 12    Str: 20    XL:     5   Next: 5%
Magic:  8/8        EV:  9    Int: 10    God:
Gold:   146        SH:  4    Dex:  9    Spells: 4/8 levels left

rFire   . . .      SeeInvis .   a - +0 flail
rCold   . . .      Faith    .   c - +0 buckler
rNeg    + . .      Spirit   .   b - +0 scale mail
rPois   ∞          Reflect  .   p - +0 helmet
rElec   +          Harm     .   (no cloak)
rCorr   .          Rampage  .   (no gloves)
Will    .....                   (no boots)
Stlth   ..........              (no amulet)
HPRegen 0.11/turn               (no ring)
MPRegen 0.11/turn               (no ring)

@: studying Fire Magic
A: sickness immunity, AC +4, negative energy resistance 1, electricity
resistance, torment resistance 1, petrification resistance
a: no special abilities


You were in a sewer.
You visited 1 branch of the dungeon, and saw 3 of its levels.
You also visited: Sewer.

You collected 146 gold pieces.

Inventory:

Hand Weapons
 a - a +0 flail (weapon)
Armour
 b - a +0 scale mail (worn)
 c - a +0 buckler (worn)
 p - a +0 helmet (worn)
Scrolls
 f - a scroll of fog {unknown}
 g - a scroll of identify {unknown}
 i - 2 scrolls of teleportation {unknown}
 k - a scroll of brand weapon {unknown}
 l - a scroll of enchant armour {unknown}
 m - a scroll of noise {unknown}
 q - a scroll of poison {unknown}
 r - a scroll of fear {unknown}
 s - a scroll of enchant weapon {unknown}
Potions
 d - a potion of might
 e - a potion of degeneration {unknown}
 h - a potion of berserk rage {unknown}
 j - a potion of haste {unknown}
 n - a potion of brilliance {unknown}
 o - a potion of magic {unknown}


   Skills:
 - Level 4.0 Fighting
 + Level 2.6 Maces & Flails
 - Level 3.2 Armour
 - Level 3.2 Shields
 + Level 2.1 Spellcasting
 + Level 3.5 Fire Magic


You had 4 spell levels left.
You knew the following spells:

 Your Spells              Type           Power      Damage    Failure   Level
a - Sticky Flame          Conj/Fire      4%         2d3       99%         4

Your spell library contained the following spells:

 Spells                   Type           Power      Damage    Failure   Level
 Static Discharge         Conj/Air       1%         N/A       86%         2
 Dispel Undead            Necr           1%         3d6       100%        4
 Freezing Cloud           Conj/Ice/Air   0%         6-21      100%        5
 Simulacrum               Ice/Necr       0%         N/A       100%        6
 Polar Vortex             Ice            0%         N/A       100%        9


Dungeon Overview and Level Annotations

Branches:
Dungeon (3/15)              Sewer (1/1)

Altars:


Innate Abilities, Weirdness & Mutations

You are immune to sickness and miasma.
Your stone body is resilient. (AC +4)
You are immune to poison.
You resist negative energy. (rN+)
You are resistant to electric shocks. (rElec)
You are resistant to unholy torment.
You are immune to petrification.


Message History

You closely miss the river rat.
The river rat is severely wounded.
You block the jackal's attack.
The jackal bites you but does no damage.
The river rat barely misses you. The jackal closely misses you.
The jackal bites you but does no damage.
You closely miss the river rat.
The river rat is severely wounded.
The jackal closely misses you.
The jackal bites you but does no damage.
The river rat bites you.
* * * LOW HITPOINT WARNING * * *
The jackal bites you but does no damage.
The jackal closely misses you.
The river rat bites you but does no damage.
Okay, then.
You closely miss the river rat.
The river rat is severely wounded.
You block the jackal's attack. The jackal closely misses you.
The jackal bites you but does no damage.
The river rat bites you but does no damage.
You block the jackal's attack.
You barely miss the river rat.
The river rat is severely wounded.
The jackal closely misses you.
The jackal bites you but does no damage.
The river rat barely misses you.
The jackal bites you but does no damage. x2
You sock the river rat!
You kill the river rat!
The jackal pauses to sniff the ground.
You block the jackal's attack. The jackal barely misses you.
The adder bites you but does no damage. You block the jackal's attack. x2
You have reached level 5!
You barely miss the adder. The adder bites you but does no damage.
The jackal bites you.
* * * LOW HITPOINT WARNING * * *
You block the jackal's attack. The adder bites you but does no damage.
The jackal bites you.
You die...

####
##...##
.##....h##
.......h@#
.......S.#
###.....∩#
###.∩###
###


You could see an adder and 2 jackals.

Vanquished Creatures
  Robin (D:2)
  An adder (D:2)
  2 river rats (Sewer)
  3 worms (D:2)
  3 bats
  8 endoplasms
  4 giant cockroaches (D:1)
  13 goblins
  4 hobgoblins
  3 jackals (D:1)
  5 kobolds
  3 quokkas
  8 ball pythons
  7 frilled lizards
  4 rats
69 creatures vanquished.

Notes
Turn   | Place    | Note
-------+----------+-------------------------------------------
     0 | D:1      | wilfster70 the Gargoyle Fighter began the quest for the
                  | Orb.
     0 | D:1      | Reached XP level 1. HP: 14/14 MP: 1/1
    11 | D:1      | Identified a scroll of acquirement
    11 | D:1      | Acquired a manual of Fire Magic
   163 | D:1      | Reached skill level 1 in Fire Magic
   165 | D:1      | Reached XP level 2. HP: 4/19 MP: 2/2
   525 | D:1      | Reached skill level 1 in Spellcasting
   756 | D:1      | Reached XP level 3. HP: 24/24 MP: 4/4
  1434 | D:1      | Found Resops's Armour Shop.
  1861 | D:2      | Reached skill level 4 in Fighting
  2030 | D:2      | Reached XP level 4. HP: 20/29 MP: 6/6
  2215 | D:2      | Noticed Robin
  2366 | D:2      | Killed Robin
  3140 | D:3      | Learned a level 4 spell: Sticky Flame
  3190 | D:3      | Found a glowing drain.
  3194 | Sewer    | Entered a sewer
  3217 | Sewer    | HP: 1/29 [river rat (1)]
  3221 | Sewer    | Reached XP level 5. HP: 2/33 MP: 8/8
  3221 | Sewer    | Slain by a jackal

Illustrated notes

Levels and vault maps discovered:
D:1:      kilobyte_arrival_exit_the_forest, layout_loops_ring, serial_shops,
          shop
D:2:      layout_basic, uniq_robin
D:3:      layout_loops_corners, hellmonk_ecumenical_altar_pennies_from_heaven,
          gup_sewer_entry_bowl, chequers_serial_rivers_micro_d,
          minmay_lizard_king, uniq_pargi, uniq_terence
Sewer:    sewer_fruit_machine

Skill      XL: |  1  2  3  4 |
---------------+-------------+-----
Fire Magic     | 1 2 3 |  3.5
Spellcasting   | 1 2 |  2.1
Fighting       | 4 |  4.0
Maces & Flails | |  2.6
Armour         | |  3.2
Shields        | |  3.2

Action                   |  1- 3 |  4- 6 || total
-------------------------+-------+-------++-------
Melee: Flail             |   143 |   109 ||   252
  Use: Scroll            |     1 |       ||     1
Armor: Scale mail        |    76 |   116 ||   192
Dodge: Dodged            |    83 |    87 ||   170
Block: Buckler           |    37 |    41 ||    78

Table legend: (Time is in decaauts)
 A = Elapsed time spent in this place.
 B = Non-inter-level travel time spent in this place.
 C = Inter-level travel time spent in this place.
 D = Time resting spent in this place.
 E = Time spent auto-exploring this place.
 F = Levels seen in this place.
 G = Mean time per level.
                   A        B        C        D        E       F      G
               +--------+--------+--------+--------+--------+-----+--------+
         Total |   3316 |   3241 |     75 |   1098 |   1226 |   4 |  829.0 |
       Dungeon |   3283 |   3208 |     75 |   1098 |   1226 |   3 | 1094.3 |
         Sewer |     33 |     33 |      0 |      0 |      0 |   1 |   33.0 |
               +--------+--------+--------+--------+--------+-----+--------+

Top non-repeatable levels by time:
     D:1: 1825 daAuts
     D:2: 1291 daAuts
     D:3: 166 daAuts
   Sewer: 33 daAuts
